 Dungeon Crawl Stone Soup version 0.30.0-10-gfe55d96785 (webtiles) character file.

Game seed: 260879944226142105

60471 qw the Severer (level 14, -1/96 HPs)
             Began as a Gargoyle Cinder Acolyte on May 16, 2023.
             Was an Initiate of Ignis.
             Slain by a freezing wraith (19 damage)
             ... on level 9 of the Dungeon.
             The game lasted 00:07:42 (11712 turns).

qw the Severer (Gargoyle Cinder Acolyte)           Turns: 11712, Time: 00:07:42

Health: -1/96      AC: 47    Str: 23    XL:     14   Next: 99%
Magic:  15/15      EV:  7    Int: 15    God:    Ignis [......]
Gold:   918        SH:  0    Dex:  5    Spells: 15/15 levels left

rFire   + . .        Y - +2 war axe (protect)
rCold   . . .        (no shield)
rNeg    + . .        q - +0 plate armour
rPois   inf          g - +0 helmet
rElec   +            t - +1 cloak
rCorr   .            i - +2 pair of gloves
SInv    .            l - +1 pair of boots
Will    +....        p - amulet of regeneration Stlth
                     k - +4 ring of slaying {mikee}
HPRegen 1.16/turn    r - +4 ring of protection
MPRegen 0.14/turn

%: no passive effects
@: under a protective aura, flying, slowed, very slow
A: sickness immunity, AC +10, big wings, negative energy resistance 1,
electricity resistance, torment resistance 1, petrification resistance
a: Renounce Religion, Rising Flame


You were on level 9 of the Dungeon.
You worshipped Ignis.
Ignis was noncommittal.
You visited 3 branches of the dungeon, and saw 15 of its levels.

You collected 918 gold pieces.


Innate Abilities, Weirdness & Mutations

You are immune to sickness and miasma.
Your stone body is resilient. (AC +10)
You are immune to poison.
Your large and strong wings let you fly.
You resist negative energy. (rN+)
You are resistant to electric shocks. (rElec)
You are resistant to unholy torment.
You are immune to petrification.


   Skills:
 - Level 14.5 Fighting
 - Level 16.0 Axes
 - Level 3.0 Throwing
 + Level 12.1 Armour
 - Level 1.0 Dodging
 - Level 1.0 Spellcasting
 - Level 3.0 Fire Magic


You had 15 spell levels left.
You didn't know any spells.
Your spell library contained the following spells:

 Spells                   Type           Power      Damage    Failure   Level
 Scorch                   Fire           18%        2d5       75%         2

Inventory:

Hand Weapons
 b - a -1 hand axe of flaming
 Y - a +2 war axe of protection (weapon)
Armour
 g - a +0 helmet (worn)
 i - a +2 pair of gloves (worn)
 l - a +1 pair of boots (worn)
 q - a +0 plate armour (worn)
 t - a +1 cloak (worn)
Jewellery
 k - a +4 ring of slaying (left hand) {mikee}
 p - an amulet of regeneration (around neck)
 r - a +4 ring of protection (right hand)
 s - a ring of protection from fire
Wands
 a - a wand of digging (7)
Scrolls
 c - 2 scrolls of identify
 e - 2 scrolls of teleportation
Potions
 d - 3 potions of heal wounds
 f - a potion of magic {unknown}
 h - 4 potions of curing
 j - 2 potions of mutation
 m - a potion of resistance
 o - 2 potions of might

Dungeon Overview and Level Annotations

Branches:
Dungeon (9/15)             Temple (1/1) D:4            Lair (5/5) D:8
  Swamp (0/4) Lair:2        Snake (0/4) Lair:2        Slime (0/5) Lair:5
    Orc: D:9-12

Altars:
Ashenzari
Cheibriados
Dithmenos
Elyvilon
Fedhas
Gozag
Hepliaklqana
Kikubaaqudgha
Makhleb
Nemelex Xobeh
Okawaru
Qazlal
Ru
Sif Muna
Trog
Uskayaw
Vehumet
Wu Jian
Xom
Yredelemnul
Zin
The Shining One
Jiyva

Shops:
D:3 [   D:8 :

Annotations:
Lair:1 3 runed translucent doors, Kuidesed's ghost, journeyman DrCj


Message History

You barely miss the troll.
The troll is almost dead.
You slash the troll!
You kill the troll!
You closely miss the freezing wraith.
The freezing wraith hits you but does no damage. x2
You barely miss the freezing wraith. You slash the freezing wraith!
The freezing wraith is moderately damaged.
The freezing wraith hits you! The freezing wraith freezes you!
The freezing wraith closely misses you.
You hit the freezing wraith.
The freezing wraith is heavily damaged.
The freezing wraith hits you but does no damage. x2
You hit the freezing wraith.
The freezing wraith is heavily damaged.
You barely miss the freezing wraith.
The freezing wraith is heavily damaged.
The freezing wraith hits you but does no damage.
The freezing wraith hits you. The freezing wraith drains your vigour!
You feel yourself slow down.
You hit the freezing wraith.
The freezing wraith is heavily damaged.
The freezing wraith hits you. The freezing wraith freezes you!
The freezing wraith hits you but does no damage.
You closely miss the freezing wraith.
The freezing wraith is heavily damaged.
The freezing wraith hits you but does no damage. x2
You slash the freezing wraith!
The freezing wraith is severely damaged.
The freezing wraith completely misses you.
The freezing wraith hits you.
You hit the freezing wraith but do no damage.
The freezing wraith is severely damaged.
The freezing wraith hits you! The freezing wraith freezes you!!
The freezing wraith closely misses you.
You slash the freezing wraith!
The freezing wraith is almost destroyed.
The freezing wraith hits you! The freezing wraith freezes you!!
You die...

# ### .## ##.# ###
##[.. #..###?##....
##....#.....##.
##.............. #####
#...............
#...#####....###@###...
......##....##.W))/# .
.##........##......(#
.#..########......###
....# #....#### ....#
#..## ....# .... ....#
.#. ....#


You could see a freezing wraith.

Vanquished Creatures
  4 hydras
  A catoblepas (Lair:5)
  10 death yaks
  A deep troll shaman (Lair:5)
  3 skysharks
  3 black mambas (Lair:4)
  9 elephants
  8 cane toads
  2 rime drakes
  6 komodo dragons
  A troll (D:9)
  A tyrant leech (Lair:2)
  20 blink frogs
  A hornet (D:4)
  6 polar bears
  Sigmund (D:5)
  A wraith (D:9)
  2 wyverns
  42 yaks
  5 steam dragons
  A basilisk (Lair:5)
  9 water moccasins
  3 black bears
  2 orc warriors
  A sky beast (D:8)
  10 wolves
  An ogre (D:7)
  A centaur (D:9)
  2 phantoms
  2 kobold brigands
  8 bullfrogs
  A gnoll sergeant (D:9)
  3 scorpions
  4 wights (D:8)
  19 killer bees
  5 electric eels
  4 lava snakes (Lair:1)
  4 hounds
  4 jellies
  5 orc priests
  2 gnoll boudas
  4 iguanas
  7 orc wizards
  A sleepcap (D:5)
  5 hell rats
  17 gnolls
  9 adders
  3 white imps
  An ufetubus (D:5)
  A dart slug (D:4)
  21 orcs
  7 ball pythons
  4 bats
  7 endoplasms
  4 giant cockroaches
  12 goblins
  5 hobgoblins
  2 quokkas
  9 kobolds
  4 rats
341 creatures vanquished.

Vanquished Creatures (others)
  An orc (D:6)
  A hobgoblin (D:4)
2 creatures vanquished.

Grand Total: 343 creatures vanquished

Notes
Turn   | Place    | Note
-------+----------+-------------------------------------------
     0 | D:1      | qw the Gargoyle Cinder Acolyte began the quest for the Orb.
     0 | D:1      | Reached XP level 1. HP: 14/14 MP: 2/2
     0 | D:1      | 0 ||| qw: Version: 0.2-a-94-g6f95ed7
     0 | D:1      | 0 ||| qw: Game counter: 34
     0 | D:1      | 0 ||| qw: Always use a shield: true
     0 | D:1      | 0 ||| qw: God list: Okawaru
     0 | D:1      | 0 ||| qw: Allow faded altars: false
     0 | D:1      | 0 ||| qw: Do Orc after D:15 true
     0 | D:1      | 0 ||| qw: Do second Lair branch before Depths: true
     0 | D:1      | 0 ||| qw: Lair rune preference: random
     0 | D:1      | 0 ||| qw: Plans: Normal
     0 | D:1      | 0 ||| PLANNING D:1-11
    90 | D:1      | Reached skill level 3 in Axes
   185 | D:1      | Reached XP level 2. HP: 12/19 MP: 3/3
   543 | D:1      | Reached XP level 3. HP: 17/23 MP: 4/4
   598 | D:1      | 598 ||| UPGRADING to +0 ring mail.
   608 | D:1      | 608 ||| DROPPING +0 robe.
   609 | D:1      | 609 ||| UPGRADING to +0 helmet.
   614 | D:1      | 614 ||| UPGRADING to +1 pair of gloves.
   619 | D:1      | 619 ||| UPGRADING to amulet of guardian spirit.
   624 | D:1      | 624 ||| READING scroll labelled IBBOB YCYETT.
   625 | D:1      | 625 ||| READING 2 scrolls labelled YGUNEN DUMIY.
   629 | D:1      | 629 ||| READING 3 scrolls labelled SEMOENTEMO.
   630 | D:1      | 630 ||| DROPPING 2 scrolls of poison.
   736 | D:2      | Reached skill level 1 in Armour
  1074 | D:2      | 1074 ||| UPGRADING to +0 chain mail.
  1084 | D:2      | 1084 ||| DROPPING +0 ring mail.
  1085 | D:2      | 1085 ||| READING scroll labelled FAROTA XAFFONY.
  1086 | D:2      | 1086 ||| READING scroll labelled HAYNEU XUALAUM.
  1087 | D:2      | 1087 ||| DRINKING 2 brown potions.
  1192 | D:2      | 1192 ||| DROPPING potion of berserk rage.
  1235 | D:3      | 1235 ||| Stepping ~*~*~tactically~*~*~ (stealth).
  1317 | D:3      | Reached XP level 4. HP: 28/28 MP: 5/5
  1323 | D:3      | Reached skill level 4 in Axes
  1411 | D:3      | 1411 ||| Stepping ~*~*~tactically~*~*~ (stealth).
  1413 | D:3      | 1413 ||| Stepping ~*~*~tactically~*~*~ (stealth).
  1414 | D:3      | 1414 ||| Stepping ~*~*~tactically~*~*~ (stealth).
  1423 | D:3      | 1423 ||| SWAPPING to +0 war axe.
  1485 | D:3      | Reached XP level 5. HP: 25/32 MP: 6/6
  1540 | D:3      | Found Fucov's Armour Shop.
  1557 | D:3      | 1557 ||| SHOPLISTING +0 plate armour (322 gold, have 173).
  1840 | D:3      | 1840 ||| UPGRADING to +0 pair of boots.
  1845 | D:3      | 1845 ||| UPGRADING to amulet of regeneration.
  1855 | D:3      | 1855 ||| DROPPING amulet of guardian spirit.
  1856 | D:3      | 1856 ||| READING scroll labelled JUCWIY QIFOHYU.
  1857 | D:3      | 1857 ||| DRINKING 2 fuming purple potions.
  1858 | D:3      | 1858 ||| DRINKING 2 puce potions.
  1882 | D:3      | 1882 ||| DROPPING potion of attraction.
  1883 | D:3      | 1883 ||| DROPPING potion of lignification.
  1903 | D:4      | You fall into a shaft and drop 1 floor!
  1903 | D:5      | Entered Level 5 of the Dungeon
  2020 | D:4      | 2020 ||| Stepping ~*~*~tactically~*~*~ (stealth).
  2099 | D:4      | Noticed a steam dragon
  2100 | D:4      | 2100 ||| Stepping ~*~*~tactically~*~*~ (hiding).
  2131 | D:4      | 2131 ||| INVOKING Fiery Armour.
  2133 | D:4      | Killed a steam dragon
  2134 | D:4      | Reached skill level 5 in Axes
  2134 | D:4      | Reached XP level 6. HP: 20/37 MP: 7/7
  2157 | D:4      | Found a glowing silver altar of Zin.
  2199 | D:4      | 2199 ||| Stepping ~*~*~tactically~*~*~ (stealth).
  2211 | D:4      | 2211 ||| Stepping ~*~*~tactically~*~*~ (hiding).
  2345 | D:4      | Reached skill level 3 in Armour
  2357 | D:4      | Found a staircase to the Ecumenical Temple.
  2480 | D:4      | Noticed a hornet
  2488 | D:4      | 2488 ||| INVOKING Fiery Armour.
  2497 | D:4      | Killed a hornet
  2498 | D:4      | Reached skill level 6 in Axes
  2498 | D:4      | Reached XP level 7. HP: 30/43 MP: 8/8
  2620 | D:4      | 2620 ||| Stepping ~*~*~tactically~*~*~ (stealth).
  2726 | D:4      | 2726 ||| DROPPING amulet of the acrobat.
  2782 | D:5      | Reached skill level 7 in Axes
  2807 | D:5      | Reached XP level 8. HP: 49/49 MP: 9/9
  2906 | D:5      | 2906 ||| INVOKING Fiery Armour.
  3000 | D:5      | Noticed Sigmund
  3020 | D:5      | Killed Sigmund
  3021 | D:5      | Reached skill level 8 in Axes
  3199 | D:5      | 3199 ||| Stepping ~*~*~tactically~*~*~ (hiding).
  3200 | D:5      | 3200 ||| Stepping ~*~*~tactically~*~*~ (hiding).
  3337 | D:5      | Reached skill level 6 in Fighting
  3417 | D:5      | Found an ancient bone altar of Kikubaaqudgha.
  3425 | D:5      | Found a shimmering blue altar of Sif Muna.
  3439 | D:5      | Found a radiant altar of Vehumet.
  3442 | D:5      | 3442 ||| UPGRADING to +0 plate armour.
  3452 | D:5      | 3452 ||| DROPPING +0 chain mail.
  3453 | D:5      | 3453 ||| UPGRADING to +1 cloak.
  3458 | D:5      | 3458 ||| UPGRADING to +6 ring of strength.
  3459 | D:5      | 3459 ||| READING scroll labelled OSMAYX QOGANG.
  3460 | D:5      | 3460 ||| READING scroll labelled HIRYOMNAMAW.
  3461 | D:5      | 3461 ||| READING scroll labelled SUAKUOTOMA.
  3462 | D:5      | 3462 ||| DRINKING 3 black potions.
  3515 | D:6      | 3515 ||| Stepping ~*~*~tactically~*~*~ (hiding).
  3524 | D:6      | 3524 ||| INVOKING Fiery Armour.
  3536 | D:6      | Reached XP level 9. HP: 26/55 MP: 10/10
  3588 | D:6      | 3588 ||| Stepping ~*~*~tactically~*~*~ (hiding).
  3752 | D:6      | Reached skill level 6 in Armour
  3799 | D:6      | 3799 ||| Stepping ~*~*~tactically~*~*~ (stealth).
  3898 | D:6      | 3898 ||| Stepping ~*~*~tactically~*~*~ (stealth).
  3899 | D:6      | 3899 ||| Stepping ~*~*~tactically~*~*~ (stealth).
  3916 | D:6      | Reached skill level 9 in Axes
  4206 | D:6      | 4206 ||| UPGRADING to +4 ring of protection.
  4207 | D:6      | 4207 ||| READING scroll labelled RUR GEBBASKYXU.
  4208 | D:6      | 4208 ||| DRINKING 2 murky yellow potions.
  4209 | D:6      | 4209 ||| READING 2 scrolls of identify.
  4209 | D:6      | 4209 ||| IDENTIFYING glowing dark potion
  4210 | D:6      | 4210 ||| DROPPING potion of ambrosia.
  4247 | D:7      | Found a sacrificial altar of Ru.
  4279 | D:7      | 4279 ||| Stepping ~*~*~tactically~*~*~ (stealth).
  4342 | D:7      | 4342 ||| Stepping ~*~*~tactically~*~*~ (hiding).
  4379 | D:7      | 4379 ||| Stepping ~*~*~tactically~*~*~ (hiding).
  4386 | D:7      | 4386 ||| Stepping ~*~*~tactically~*~*~ (hiding).
  4393 | D:7      | 4393 ||| INVOKING Fiery Armour.
  4395 | D:7      | 4395 ||| Stepping ~*~*~tactically~*~*~ (hiding).
  4428 | D:7      | Found a basalt altar of Yredelemnul.
  4525 | D:7      | Found an iron altar of Okawaru.
  4792 | D:7      | 4792 ||| Stepping ~*~*~tactically~*~*~ (hiding).
  4802 | D:7      | Reached XP level 10. HP: 63/63 MP: 11/11
  4804 | D:7      | Reached skill level 10 in Axes
  4809 | D:7      | 4809 ||| DRINKING 2 lumpy blue potions.
  4810 | D:7      | 4810 ||| READING 2 scrolls of identify.
  4810 | D:7      | 4810 ||| IDENTIFYING metallic purple potion
  4811 | D:7      | 4811 ||| DROPPING potion of flight.
  4812 | D:7      | 4812 ||| DROPPING potion of invisibility.
  4890 | D:8      | Reached skill level 1 in Dodging
  5007 | D:8      | Found a staircase to the Lair.
  5082 | D:8      | 5082 ||| INVOKING Fiery Armour.
  5107 | D:8      | 5107 ||| Stepping ~*~*~tactically~*~*~ (stealth).
  5108 | D:8      | 5108 ||| Stepping ~*~*~tactically~*~*~ (stealth).
  5203 | D:8      | Found Xalios's Book Emporium.
  5257 | D:8      | 5257 ||| Stepping ~*~*~tactically~*~*~ (stealth).
  5353 | D:8      | 5353 ||| Stepping ~*~*~tactically~*~*~ (hiding).
  5548 | D:8      | 5548 ||| PLANNING LAIR
  5548 | D:8      | 5548 ||| DROPPING scarf of shadows.
  5592 | Lair:1   | Entered Level 1 of the Lair of Beasts
  5597 | Lair:1   | Noticed an elephant
  5599 | Lair:1   | 5599 ||| STAIRDANCE
  5604 | D:8      | 5604 ||| INVOKING Fiery Armour.
  5604 | D:8      | HP: 16/64 [komodo dragon (11)]
  5605 | D:8      | 5605 ||| READING 3 scrolls of teleportation.
  5710 | Lair:1   | Killed an elephant
  5713 | Lair:1   | Noticed an elephant
  5725 | Lair:1   | Killed an elephant
  5728 | Lair:1   | Noticed an elephant
  5728 | Lair:1   | Noticed an elephant
  5737 | Lair:1   | Killed an elephant
  5738 | Lair:1   | Reached skill level 11 in Axes
  5747 | Lair:1   | 5747 ||| STAIRDANCE
  5750 | D:8      | Killed an elephant
  5788 | Lair:1   | Reached skill level 3 in Throwing
  5928 | Lair:1   | Noticed a cane toad
  5947 | Lair:1   | Killed a cane toad
  5948 | Lair:1   | Reached skill level 9 in Fighting
  5956 | Lair:1   | 5956 ||| INVOKING Fiery Armour.
  5967 | Lair:1   | Reached XP level 11. HP: 63/71 MP: 12/12
  5978 | Lair:1   | Reached skill level 9 in Armour
  6300 | Lair:1   | 6300 ||| Stepping ~*~*~tactically~*~*~ (stealth).
  6362 | Lair:1   | 6362 ||| INVOKING Fiery Armour.
  6604 | Lair:1   | Noticed a spectral death yak
  6605 | Lair:1   | Found a runed translucent gate.
  6605 | Lair:1   | Found a runed translucent gate.
  6606 | Lair:1   | Found a runed translucent gate.
  6609 | Lair:1   | Noticed Kuidesed's ghost (journeyman DrCj)
  6654 | Lair:1   | 6654 ||| UPGRADING to +4 ring of slaying {mikee}.
  6656 | Lair:1   | 6656 ||| DROPPING +6 ring of strength.
  6657 | Lair:1   | 6657 ||| READING scroll labelled XYAVAU VEOLOTA.
  6658 | Lair:1   | 6658 ||| READING scroll labelled RAAQUM MAKAFI.
  6659 | Lair:1   | 6659 ||| READING 2 scrolls of identify.
  6659 | Lair:1   | 6659 ||| IDENTIFYING bubbling green potion
  6681 | Lair:2   | Noticed a skyshark
  6703 | Lair:2   | Killed a skyshark
  6704 | Lair:2   | Reached skill level 12 in Axes
  6722 | Lair:2   | 6722 ||| Stepping ~*~*~tactically~*~*~ (stealth).
  6753 | Lair:2   | 6753 ||| Stepping ~*~*~tactically~*~*~ (stealth).
  6763 | Lair:2   | 6763 ||| INVOKING Fiery Armour.
  6866 | Lair:2   | 6866 ||| READING scroll of enchant armour.
  6866 | Lair:2   | 6866 ||| ENCHANTING +1 pair of gloves.
  6901 | Lair:2   | 6901 ||| INVOKING Fiery Armour.
  6903 | Lair:2   | HP: 13/72 [komodo dragon (10)]
  6904 | Lair:2   | 6904 ||| READING 6 scrolls of teleportation.
  6904 | Lair:2   | HP: 6/72 [yak (8)]
  6905 | Lair:2   | 6905 ||| DRINKING 6 potions of heal wounds.
  6981 | Lair:2   | Reached XP level 12. HP: 74/77 MP: 13/13
  7027 | Lair:2   | 7027 ||| INVOKING Fiery Armour.
  7039 | Lair:2   | Reached skill level 13 in Axes
  7067 | Lair:2   | Noticed a seven-headed hydra
  7072 | Lair:2   | 7072 ||| SWAPPING to -1 hand axe of flaming.
  7073 | Lair:2   | Killed a six-headed hydra
  7074 | Lair:2   | 7074 ||| SWAPPING to +1 war axe.
  7094 | Lair:2   | 7094 ||| Stepping ~*~*~tactically~*~*~ (stealth).
  7096 | Lair:2   | 7096 ||| Stepping ~*~*~tactically~*~*~ (stealth).
  7117 | Lair:2   | Noticed a four-headed hydra
  7122 | Lair:2   | 7122 ||| SWAPPING to -1 hand axe of flaming.
  7124 | Lair:2   | Killed a two-headed hydra
  7125 | Lair:2   | 7125 ||| SWAPPING to +1 war axe.
  7140 | Lair:2   | Found a staircase to the Swamp.
  7141 | Lair:2   | 7141 ||| PLANNING TEMPLE
  7141 | Lair:2   | 7141 ||| READING scroll labelled LEFRIZ MELOX.
  7142 | Lair:2   | 7142 ||| READING 2 scrolls of identify.
  7142 | Lair:2   | 7142 ||| IDENTIFYING metallic black potion
  7302 | Temple   | Entered the Ecumenical Temple
  7315 | Temple   | 7315 ||| PLANNING LAIR
  7479 | Lair:2   | 7479 ||| Stepping ~*~*~tactically~*~*~ (stealth).
  7481 | Lair:2   | 7481 ||| Stepping ~*~*~tactically~*~*~ (stealth).
  7483 | Lair:2   | 7483 ||| Stepping ~*~*~tactically~*~*~ (stealth).
  7532 | Lair:2   | Reached skill level 14 in Axes
  7551 | Lair:2   | Found a staircase to the Snake Pit.
  7567 | Lair:2   | 7567 ||| Stepping ~*~*~tactically~*~*~ (stealth).
  7625 | Lair:2   | 7625 ||| Stepping ~*~*~tactically~*~*~ (stealth).
  7626 | Lair:2   | 7626 ||| Stepping ~*~*~tactically~*~*~ (stealth).
  8077 | Lair:3   | 8077 ||| STAIRDANCE
  8121 | Lair:3   | 8121 ||| STAIRDANCE
  8448 | Lair:3   | 8448 ||| Stepping ~*~*~tactically~*~*~ (stealth).
  8897 | Lair:3   | 8897 ||| UPGRADING to +1 pair of boots.
  8907 | Lair:3   | 8907 ||| DROPPING +0 pair of boots.
  8908 | Lair:3   | 8908 ||| READING 2 scrolls labelled TOSHANW MOIT.
  9009 | Lair:3   | 9009 ||| READING scroll labelled EDEREDEWNAB.
  9010 | Lair:3   | 9010 ||| READING 2 scrolls of identify.
  9010 | Lair:3   | 9010 ||| IDENTIFYING smoky inky potion
  9011 | Lair:3   | 9011 ||| DROPPING scroll of silence.
  9066 | Lair:4   | 9066 ||| Stepping ~*~*~tactically~*~*~ (stealth).
  9075 | Lair:4   | 9075 ||| Stepping ~*~*~tactically~*~*~ (stealth).
  9242 | Lair:4   | Reached XP level 13. HP: 84/84 MP: 14/14
  9312 | Lair:4   | 9312 ||| Stepping ~*~*~tactically~*~*~ (hiding).
  9320 | Lair:4   | Reached skill level 15 in Axes
  9519 | Lair:4   | 9519 ||| Stepping ~*~*~tactically~*~*~ (stealth).
  9536 | Lair:4   | HP: 18/84 [death yak (9)]
  9537 | Lair:4   | 9537 ||| READING 5 scrolls of teleportation.
  9537 | Lair:4   | HP: 8/84 [death yak (11)]
  9538 | Lair:4   | 9538 ||| DRINKING 6 potions of heal wounds.
  9548 | Lair:4   | Reached skill level 12 in Fighting
  9845 | Lair:5   | Entered Level 5 of the Lair of Beasts
  9851 | Lair:5   | 9851 ||| STAIRDANCE
  9900 | Lair:5   | 9900 ||| SWAPPING to -1 hand axe of flaming.
  9912 | Lair:5   | 9912 ||| SWAPPING to +1 war axe of protection.
 10140 | Lair:5   | Found a staircase to the Slime Pits.
 10147 | Lair:5   | Found a viscous altar of Jiyva.
 10336 | Lair:5   | Reached skill level 12 in Armour
 10503 | Lair:5   | 10503 ||| Stepping ~*~*~tactically~*~*~ (stealth).
 10579 | Lair:5   | HP: 17/86 [death yak (10)]
 10580 | Lair:5   | 10580 ||| READING 4 scrolls of teleportation.
 10581 | Lair:5   | 10581 ||| DRINKING 5 potions of heal wounds.
 10904 | Lair:5   | 10904 ||| Stepping ~*~*~tactically~*~*~ (stealth).
 10974 | Lair:5   | 10974 ||| Stepping ~*~*~tactically~*~*~ (stealth).
 11000 | Lair:5   | Reached skill level 16 in Axes
 11004 | Lair:5   | HP: 18/86 [catoblepas (10)]
 11005 | Lair:5   | 11005 ||| READING 3 scrolls of teleportation.
 11006 | Lair:5   | 11006 ||| DRINKING 4 potions of heal wounds.
 11077 | Lair:5   | 11077 ||| Stepping ~*~*~tactically~*~*~ (stealth).
 11079 | Lair:5   | 11079 ||| Stepping ~*~*~tactically~*~*~ (hiding).
 11080 | Lair:5   | 11080 ||| Stepping ~*~*~tactically~*~*~ (hiding).
 11179 | Lair:5   | 11179 ||| SWAPPING to -1 hand axe of flaming.
 11189 | Lair:5   | 11189 ||| SWAPPING to +1 war axe of protection.
 11209 | Lair:5   | 11209 ||| READING scroll of enchant weapon.
 11209 | Lair:5   | 11209 ||| ENCHANTING +1 war axe of protection.
 11382 | Lair:5   | 11382 ||| PLANNING D:1-11
 11382 | Lair:5   | 11382 ||| READING scroll labelled REOTUOXIEME.
 11398 | Lair:5   | 11398 ||| READING 3 scrolls of identify.
 11398 | Lair:5   | 11398 ||| IDENTIFYING emerald potion
 11399 | Lair:5   | 11399 ||| DRINKING potion of experience.
 11399 | Lair:5   | Gained mutation: Your large and strong wings let you fly.
                  | [Gargoyle growth]
 11399 | Lair:5   | Reached XP level 14. HP: 96/96 MP: 15/15
 11614 | D:9      | 11614 ||| Stepping ~*~*~tactically~*~*~ (hiding).
 11615 | D:9      | 11615 ||| Stepping ~*~*~tactically~*~*~ (hiding).
 11616 | D:9      | 11616 ||| Stepping ~*~*~tactically~*~*~ (hiding).
 11680 | D:9      | 11680 ||| Stepping ~*~*~tactically~*~*~ (hiding).
 11712 | D:9      | HP: 18/96 [freezing wraith (10)]
 11712 | D:9      | Slain by a freezing wraith

Levels and vault maps discovered:
D:1:      mushboom_english_gardens, layout_basic, minmay_hexomino_f4
D:2:      layout_rooms, grunt_decor_resistance
D:3:      layout_rooms, serial_shops, shop
D:4:      layout_loops_ring, old_standard_altar, minmay_temple_entry_overgrown
D:5:      layout_basic, palyth_temple_overflow_mages, uniq_sigmund
D:6:      layout_loops_ring
D:7:      layout_basic, kennysheep_okawaru_gauntlet, nicolae_ru_awakened_eye,
          yredelemnul_altar_generic, chequers_serial_rivers_small_3
D:8:      layout_gridville, lair_entry_dummy, serial_shops, shop
D:9:      minmay_the_grid_octo_tiled_squarecenter [minmay_the_grid_octo_clover,
          minmay_the_grid_octo_concentric, minmay_the_grid_octo_toaster,
          minmay_the_grid_octo_vomiting_pacman,
          minmay_the_grid_square_5x5_megaprize_checkered,
          minmay_the_grid_square_5x5_one_wall,
          minmay_the_grid_square_5x5_two_small,
          minmay_the_grid_square_5x5_shrine2,
          minmay_the_grid_square_5x5_bracketed], layout_cave_pools
Temple:   hellmonk_temple_two_chambers
Lair:1:   layout_loops_ring, gammafunk_ghost_necromancy,
          nicolae_lair_liquid_snakes
Lair:2:   layout_loops_ring, palyth_hydra_swamp_entry,
          guppyfry_snake_entry_island, minmay_hedge_maze,
          cheibrodos_lair_lostbears, grunt_megastairs_2
Lair:3:   gammafunk_indiana_jones, layout_gridlike, beast_lair_carwin_5,
          grunt_megastairs_3, infiniplex_staircase_pool_2, lemuel_fruit_tree
Lair:4:   layout_misc_corridors
Lair:5:   grunt_lair_end_beastmaster, layout_cave_pods,
          nicolae_slime_entry_slimehenge, serial_bayou_lagoon_a,
          nicolae_lair_lil_pond, chequers_serial_rivers_large_a

Skill      XL: |  1  2  3  4  5  6  7  8  9 10 11 12 13 |
---------------+----------------------------------------+-----
Axes           | 3 4 5 6 7 8 9 11 12 14 16 | 16.0
Armour         | 1 2 3 5 7 8 10 11 12 | 12.1
Fighting       | 4 5 6 7 9 10 11 14 | 14.5
Throwing       | 2 3 |  3.0
Dodging        | 1 |  1.0
Spellcasting   | |  1.0
Fire Magic     | |  3.0

Action                     |  1- 3 |  4- 6 |  7- 9 | 10-12 | 13-15 || total
---------------------------+-------+-------+-------+-------+-------++-------
  Melee: Hand axe          |   119 |    28 |       |     3 |    20 ||   170
         Punch             |     1 |       |     5 |     5 |     4 ||    15
         War axe           |       |   128 |   250 |   576 |   329 ||  1283
  Throw: Boomerang         |    31 |    36 |    48 |   131 |       ||   246
         Javelin           |       |       |       |    23 |       ||    23
 Invoke: Fiery Armour      |       |     2 |     3 |     7 |       ||    12
    Use: Scroll            |     5 |     1 |     5 |    12 |     6 ||    29
         Potion            |     1 |     2 |     2 |     2 |     4 ||    11
   Stab: Petrified         |       |       |       |       |    12 ||    12
         Petrifying        |       |       |       |       |     1 ||     1
 Armour: Robe              |    21 |       |       |       |       ||    21
         Ring mail         |    21 |       |       |       |       ||    21
         Chain mail        |     2 |   159 |   129 |       |       ||   290
         Plate armour      |       |       |   109 |   573 |   320 ||  1002
  Dodge: Dodged            |    60 |    59 |   123 |   280 |   113 ||   635

Table legend:
 A = Non-vault XP
 B = Vault XP
 C = Vault XP percentage of total XP
 D = Non-vault monster count
 E = Vault monster count
 F = Vault count percentage of total count
                 A         B        C        D         E       F
            +---------+---------+-------+---------+---------+-------
      Total |   35793 |   18697 |  34.3 |     277 |      64 |  18.8
            +---------+---------+-------+---------+---------+-------
        D:1 |      42 |       5 |  10.6 |      16 |       3 |  15.8
        D:2 |      23 |       0 |   0.0 |       7 |       0 |   0.0
        D:3 |     114 |       0 |   0.0 |      23 |       0 |   0.0
        D:4 |     694 |       0 |   0.0 |      15 |       0 |   0.0
        D:5 |     969 |     337 |  25.8 |      27 |       4 |  12.9
        D:6 |    1378 |       0 |   0.0 |      15 |       0 |   0.0
        D:7 |    1129 |       4 |   0.4 |      32 |       2 |   5.9
        D:8 |    2245 |       0 |   0.0 |      34 |       0 |   0.0
        D:9 |     305 |     861 |  73.8 |       2 |       6 |  75.0
     Lair:1 |    4795 |     410 |   7.9 |      17 |       8 |  32.0
     Lair:2 |    8921 |    4807 |  35.0 |      44 |      11 |  20.0
     Lair:3 |    1832 |    1540 |  45.7 |       9 |       6 |  40.0
     Lair:4 |    9723 |       0 |   0.0 |      25 |       0 |   0.0
     Lair:5 |    3623 |   10733 |  74.8 |      11 |      24 |  68.6
            +---------+---------+-------+---------+---------+-------
